 Dungeon Sprint DCSS version 0.27-a0-1202-ge72e49191c (webtiles) character file.

Game seed: 5902531286600576701

128 mhtbhm the Geomancer (level 4, -1/24 HPs)
             Began as a Deep Elf Earth Elementalist on June 3, 2021.
             Succumbed to a water moccasin's poison
             ... in the Dungeon (Sprint IX: "|||||||||||||||||||||||||||||").
             The game lasted 00:00:26 (82 turns).

mhtbhm the Geomancer (Deep Elf Earth Elementalist)    Turns: 82, Time: 00:00:26

Health: -1/24      AC:  2    Str:  5    XL:     4   Next: 87%
Magic:  0/15       EV: 13    Int: 21    God:
Gold:   0          SH:  0    Dex: 15    Spells: 16/17 levels left

rFire    . . .     SeeInvis .   (no weapon)
rCold    . . .     Faith    .   (no shield)
rNeg     . . .     Spirit   .   c - +0 robe
rPois    .         Reflect  .   (no helmet)
rElec    .         Harm     .   (no cloak)
rCorr    .         Rampage  .   (no gloves)
Will     .....     NoTele   +   (no boots)
Stlth    +++.......             (no amulet)
HPRegen  0.08/turn              (no ring)
MPRegen  0.14/turn              (no ring)

@: lethally poisoned (-1 -> -9)
A: no striking features
a: no special abilities


You were in the Dungeon.
You visited 1 branch

Inventory:

Missiles
 b - 17 stones
Armour
 c - a +0 robe (worn)
Scrolls
 i - a scroll of blinking
Potions
 f - a potion of haste
 g - 2 potions of magic
 h - a potion of berserk rage


   Skills:
 + Level 4.3 Dodging
 + Level 3.8 Stealth
 + Level 7.4 Spellcasting
 + Level 1.3 Transmutations
 + Level 8.5 Earth Magic


You had 16 spell levels left.
You knew the following spells:

 Your Spells              Type           Power      Damage    Failure   Level
a - Sandblast             Erth           86%        2d18      1%          1

Your spell library contained the following spells:

 Spells                   Type           Power      Damage    Failure   Level
 Passwall                 Tmut/Erth      23%        N/A       1%          2
 Stone Arrow              Conj/Erth      50%        3d10      4%          3
 Lee's Rapid Deconstruct  Erth           21%        3d13*     7%          5
 Petrify                  Tmut/Erth      28%        N/A       11%         4


Dungeon Overview and Level Annotations

Branches:
Dungeon (1/1)

Altars:


Message History

Press: ? - help, Shift-Dir - straight line, f - water moccasin
Aim: a water moccasin (severely wounded, 68% to hit)
The blast of sand hits the water moccasin.
The water moccasin is almost dead.
The water moccasin bites you!
You are lethally poisoned!
The water moccasin poisons you!
Unknown command.
Unknown command.
You feel better. The water moccasin bites you.
You are poisoned.
The water moccasin poisons you!
Unknown command.
You feel sick. The water moccasin bites you.
* * * LOW HITPOINT WARNING * * *
You are more poisoned.
The water moccasin poisons you!
You feel much better.
You feel very sick. The water moccasin bites you!
* * * LOW HITPOINT WARNING * * *
You feel very sick. The water moccasin barely misses you.
Unknown command.
Casting: Sandblast (safe; 1% risk of failure)
Confirm with . or Enter, or press ? or * to list all spells.
Aiming: Sandblast (safe; 1% risk of failure)
Press: ? - help, Shift-Dir - straight line, f/p - water moccasin
Aim: a water moccasin (almost dead, 68% to hit)
The blast of sand hits the water moccasin!
You kill the water moccasin!
* * * LOW HITPOINT WARNING * * *
You feel very sick.
Your Dodging skill increases to level 4!
Your Spellcasting skill gained 3 levels and is now at level 7!
Your Earth Magic skill gained 2 levels and is now at level 8!
You have reached level 4!
You feel clever.
Unknown command.
You die...

▓.▓
▓.▓
▓h▓
▓.▓
▓n▓
▓.▓
▓l▓
▓.▓
▓@▓
▓)▓
▓'▓
▓.▓
▓.▓
▓.▓
▓<▓
▓▓▓


You could see a black bear, a necrophage and an iguana.

Vanquished Creatures
  A water moccasin (D)
  An orc wizard (D)
  A hobgoblin (D)
  A bat (D)
  2 goblins (D)
  A rat (D)
7 creatures vanquished.

Notes
Turn   | Place    | Note
-------+----------+-------------------------------------------
     0 | D        | mhtbhm the Deep Elf Earth Elementalist began the quest for
                  | the Orb.
     0 | D        | Reached XP level 1. HP: 10/10 MP: 6/6
     7 | D        | Reached skill level 4 in Earth Magic
    70 | D        | Noticed a black bear
    70 | D        | Noticed a necrophage
    70 | D        | Noticed an iguana
    70 | D        | Noticed a water moccasin
    70 | D        | Noticed an orc wizard
    75 | D        | Killed an orc wizard
    76 | D        | Reached skill level 6 in Earth Magic
    76 | D        | Reached XP level 2. HP: 10/15 MP: 1/9
    76 | D        | Reached XP level 3. HP: 13/19 MP: 1/11
    81 | D        | Killed a water moccasin
    82 | D        | Reached skill level 8 in Earth Magic
    82 | D        | Reached XP level 4. HP: 1/24 MP: 0/15
    82 | D        | Succumbed to a water moccasin's poison

Illustrated notes

Levels and vault maps discovered:
D:        linesprint [early_d, line_temple, items_1, d_10, items_2, lair_1,
          lair_end, items_3, orc_1, orc_end, items_4, d_15, swamp_1, shoals_1,
          snake_1, spider_1, d_20, vaults_1, items_5, swamp_end, shoals_end,
          snake_end, spider_end, vaults_end, d_27, items_6, zot_1, zot_end,
          crypt_end, forest_end, elf_end, slime_end, tomb_end, abyss_end,
          pan_hell_end]

Skill      XL: |  1  2  3 |
---------------+----------+-----
Earth Magic    | 6 8 |  8.5
Dodging        | 3 4 |  4.3
Stealth        | 3 |  3.8
Spellcasting   | 4 7 |  7.4
Transmutations | |  1.3

Action                   |  1- 3 |  4- 6 || total
-------------------------+-------+-------++-------
 Cast: Sandblast         |    13 |       ||    13
  Use: Potion            |     2 |       ||     2
Armor: Robe              |     2 |       ||     2
Dodge: Dodged            |     2 |       ||     2

Table legend: (Time is in decaauts)
 A = Elapsed time spent in this place.
 B = Non-inter-level travel time spent in this place.
 C = Inter-level travel time spent in this place.
 D = Time resting spent in this place.
 E = Time spent auto-exploring this place.
 F = Levels seen in this place.
 G = Mean time per level.
                   A        B        C        D        E       F      G
               +--------+--------+--------+--------+--------+-----+--------+
         Total |     82 |     82 |      0 |     54 |      3 |   1 |   82.0 |
       Dungeon |     82 |     82 |      0 |     54 |      3 |   1 |   82.0 |
               +--------+--------+--------+--------+--------+-----+--------+

Top non-repeatable levels by time:
       D: 82 daAuts
